Cogmind - Beta 15 @@@ ROGUE MODE // 2025.07.02 @ 17:12:32 Player: Rockstar Result: Destroyed by Y-45 Defender with Heavy Assault Rifle Performance ------------- Evolutions (2) 1000 Regions Visited (4) 800 Robots Destroyed (41) 205 Value Destroyed (1201) 1201 Prototype IDs (1) 20 Alien Tech Used (0) 0 Bonus (0) 0 TOTAL SCORE: 3226 Bonus ------- None Cogmind --------- Core Integrity 0/550 Matter 44/450 Energy 89/265 System Corruption 1% Temperature Warm (104) Movement Treading (170) Location -8/Storage Parts ------- > --- POWER (2) -------- Improved Ion Engine > --- PROPULSION (2) --- Armored Treads Armored Treads > --- UTILITY (5) ------ Medium Storage Unit Large Matter Pod Weight Redist. System Gravity Neutralizer > --- WEAPON (2) ------- Beam Rifle Autogun > --- INVENTORY (10) --- Armored Treads Armored Treads EM Pulse Gun Mini Grenade Launcher Mini Grenade Launcher Peak State ------------ > --- POWER ------------ Improved Ion Engine Light Nuclear Core > --- PROPULSION ------- Armored Treads Armored Treads > --- UTILITY ---------- Medium Storage Unit Large Matter Pod Weight Redist. System Hardened Medium Armor Plating Hardened Medium Armor Plating > --- WEAPON ----------- Autogun Autogun > --- INVENTORY -------- Armored Treads Armored Treads Armored Treads Gravity Neutralizer EM Pulse Gun Beam Rifle Mini Grenade Launcher Mini Grenade Launcher [Rating: 27] Favorites ----------- Power Ion Engine Engine Ion Engine Power Core Light Nuclear Core Propulsion Light Treads Treads Light Treads Wheel Wheel Utility Large Matter Pod Device ECM Suite Storage Large Matter Pod Protection Hardened Medium Armor Plating Weapon Light Assault Rifle Energy Gun EM Pulse Gun Ballistic Gun Light Assault Rifle Ballistic Cannon Improved Light Cannon Launcher Mini Grenade Launcher Build | -11 -10 -9 -8 -8 ------- Run | Yrd Mat Mat Mat Sto Slots Evolved 4 | . . 2 2 . Power 1 | . . . 1 . Propulsion . | . . . . . Utility 3 | . . 2 1 . Weapon . | . . . . . Parts Attached 50 | 6 2 10 10 22 Power 10 | 1 . 1 3 5 Engine 8 | 1 . 1 3 3 Core 2 | . . . . 2 Reactor . | . . . . . Propulsion 12 | 2 . 2 2 6 Treads 10 | . . 2 2 6 Leg . | . . . . . Wheel 2 | 2 . . . . Hover . | . . . . . Flight . | . . . . . Utility 13 | 1 1 3 1 7 Device 7 | . . 3 . 4 Storage 3 | 1 1 . . 1 Processor . | . . . . . Hackware . | . . . . . Protection 3 | . . . 1 2 Artifact . | . . . . . Weapon 15 | 2 1 4 4 4 Energy Gun 3 | . . . 2 1 Energy Cannon . | . . . . . Ballistic Gun 9 | 2 1 3 . 3 Ballistic Cannon 1 | . . 1 . . Launcher 2 | . . . 2 . Special Weapon . | . . . . . Impact Weapon . | . . . . . Slashing Weapon . | . . . . . Piercing Weapon . | . . . . . Special Melee Weapon . | . . . . . Unidentified Prototypes 1 | . . . . 1 Parts Lost 22 | . . 2 8 12 Power 8 | . . . 3 5 Propulsion 4 | . . 1 2 1 Utility 5 | . . . 1 4 Weapon 5 | . . 1 2 2 Highest Loss Streak 8 | . . 1 7 8 To Critical Strikes . | . . . . . Average Backups 6 | 1 7 7 5 6 Power 1 | . 1 2 1 . Propulsion 1 | . 2 1 . 1 Utility . | . . . . 1 Weapon 3 | . 3 3 3 3 Tool/Special . | . . . . . Unused Backups 6 | . 3 1 . 2 Power 1 | . 1 . . . Propulsion . | . . . . . Utility 1 | . . . . 1 Weapon 4 | . 2 1 . 1 Tool/Special . | . . . . . Average Slot Usage (%) 91 | . 95 86 86 95 Engine 14 | . 14 11 16 16 Treads 13 | . . 15 14 17 Wheel 5 | . 28 4 . . Device 12 | . . 11 18 16 Storage 20 | . 26 22 18 18 Protection 3 | . . . . 8 Energy Gun 6 | . . . 5 12 Ballistic Gun 12 | . 25 18 6 4 Ballistic Cannon 1 | . . 3 5 . Peak Build Rating 27 | 6 7 12 15 27 Average Rating 13 | 4 6 9 11 19 On Entrance 7 | . 6 7 12 12 Naked Turns . | . . . . . Heaviest Build 46 | 12 15 23 34 46 Greatest Support 52 | 26 26 40 40 52 Greatest Overweight (x) 5 | . . 1 5 1 Average Overweight (x) . | . . . . . Largest Inventory Capacity 10 | 8 8 8 8 10 Average Capacity 8 | 7 8 8 8 9 Most Carried 10 | 4 8 8 7 10 Average Carried 6 | 1 7 7 5 7 Final Capacity 10 | 8 8 8 8 10 Final Carried 8 | 4 8 8 5 5 Class Distribution -------------------- 72% | Mutant 27% | Scavenger-Mutant Dominant Class ---------------- Mutant | -10/Materials Mutant | -9/Materials Mutant | -8/Materials Scavenger-Mutant | -8/Storage Resources | -11 -10 -9 -8 -8 ----------- Run | Yrd Mat Mat Mat Sto Matter Collected 955 | 196 140 265 60 294 Remotely . | . . . . . Salvage Created 1306 | . 140 265 135 766 Parts 73 | . 8 12 9 44 Haulers Intercepted 3 | . . . . 3 Recyclers Shooed 2 | . . . 1 1 Parts Field Recycled . | . . . . . Retrieved Matter . | . . . . . Parts Self-Destructed . | . . . . . Prevented . | . . . . . Kills | -11 -10 -9 -8 -8 ------- Run | Yrd Mat Mat Mat Sto Combat Hostiles Destroyed 30 | . 5 8 3 14 Melee 1 | . . . . 1 Guns 19 | . 5 8 1 5 Cannons 1 | . . . 1 . AOE 9 | . . . 1 8 Classes Destroyed 9 | . 2 . 3 4 Worker 2 | . . . . 2 Builder 3 | . . . 1 2 Hauler 3 | . . . . 3 Recycler 3 | . . . . 3 Swarmer 6 | . 3 3 . . Grunt 17 | . 2 5 . 10 Sentry 4 | . . . 1 3 Specialist 2 | . . . 2 . Hunter 1 | . . . . 1 Best Kill Streak 12 | . 3 4 3 12 Combat Bots Only 5 | . 3 4 2 5 Max Kills in Single Turn 4 | . 2 1 2 4 Gunslinging 1 | . 1 . . . Exploded 2 | . . . 1 2 Melee 1 | . . . . 1 Uniques/NPCs Destroyed . | . . . . . Combat | -11 -10 -9 -8 -8 -------- Run | Yrd Mat Mat Mat Sto Hostile Shots Fired 368 | . 25 70 83 190 Missed 78 | . 6 15 24 33 Hits 290 | . 19 55 59 157 Projectile 290 | . 19 55 59 157 Critical Strikes 12 | . . . 3 9 Damage Taken 4198 | . 176 592 805 2625 Core 729 | . 27 137 129 436 Absorbed by Shields . | . . . . . Regen/Repaired (Parts) 37 | . 37 . . . Core Remaining (%) 84 | 100 89 65 . . Volleys Fired 96 | . 15 29 15 37 Largest 2 | . 2 2 2 2 Hottest 96 | . 40 40 80 96 Shots Fired 183 | . 30 57 30 66 Gun 155 | . 30 57 17 51 Cannon 11 | . . . 11 . Launcher 17 | . . . 2 15 Special . | . . . . . Kinetic 128 | . 30 57 22 19 Thermal 12 | . . . . 12 Explosive 17 | . . . 2 15 Electromagnetic 26 | . . . 6 20 Robot Hit Streak 14 | . 13 14 5 10 Robot Miss Streak 5 | . 5 4 5 3 Penetration Max . | . . . . . Secondary Targets 2 | . 1 1 . . Max Gunslinging Chain 1 | . 1 1 . . Shots Hit Robots 116 | . 21 36 16 43 Core Hits 83 | . 8 14 7 54 Critical Kills . | . . . . . Critical Parts Destroyed . | . . . . . Critical Strikes 1 | . . . 1 . Blast 1 | . . . 1 . Melee Attacks . | . . . . . Impact . | . . . . . Slashing . | . . . . . Piercing . | . . . . . Sneak Attacks . | . . . . . Combat Hostiles . | . . . . . Follow-up Attacks . | . . . . . Damage Inflicted 2959 | . 179 382 377 2021 Guns 1156 | . 179 378 116 483 Cannons 141 | . . . 141 . Explosions 1630 | . . . 113 1517 Melee . | . . . . . Ramming 32 | . . 4 7 21 Kinetic 948 | . 179 378 213 178 Thermal 131 | . . . . 131 Explosive 1630 | . . . 113 1517 Electromagnetic 218 | . . . 44 174 Impact . | . . . . . Slashing . | . . . . . Piercing . | . . . . . Highest Corruption 1 | . 1 . 1 1 Average Corruption 1 | . 1 . 1 1 Corruption Purged . | . . . . . Corruption Blocked . | . . . . . Effects 8 | . . . 2 6 Message Errors 4 | . . . 2 2 Matter Fused 3 | . . . . 3 Parts Rejected 1 | . . . . 1 Overload Shots . | . . . . . Overflow Damage 52 | . . . 9 43 Projectiles . | . . . . . Explosions 52 | . . . 9 43 Melee . | . . . . . Knockbacks 2 | . . 1 1 . Impact 1 | . . 1 . . Kinetic 1 | . . . 1 . Secondary . | . . . . . Self-Inflicted Damage 29 | . . . . 29 Shots 2 | . . . . 2 Rammed 15 | . . 1 1 13 Targets Rammed 16 | . . 1 1 14 Kicked . | . . . . . Crushed 1 | . . . . 1 Highest Temperature 525 | . 12 5 45 525 Average Temperature 160 | . 6 3 21 180 Received Heat Transfer 1893 | . 48 234 180 1431 Effects 18 | . . . . 18 Shutdowns 6 | . . . . 6 Energy Bleed 3 | . . . . 3 Interference 2 | . . . . 2 Matter Decay 2 | . . . . 2 Short Circuit 1 | . . . . 1 Damage (minor) 1 | . . . . 1 Damage (major) 1 | . . . . 1 Damage (core) 2 | . . . . 2 Siege Activations . | . . . . . Martial Activations . | . . . . . Shielding Activations . | . . . . . Robots Disrupted . | . . . . . Combat Hostiles . | . . . . . Robots Corrupted . | . . . . . Combat Hostiles . | . . . . . Parts Fried . | . . . . . Impact Corruptions . | . . . . . Robots Melted . | . . . . . Combat Hostiles . | . . . . . Parts Melted . | . . . . . Heat Transferred 333 | . . . . 333 Parts Sabotaged . | . . . . . Parts Stolen . | . . . . . Parts Stripped . | . . . . . Power Chain Reactions . | . . . . . Alert | -11 -10 -9 -8 -8 ------- Run | Yrd Mat Mat Mat Sto Maximum Alert Level 1 | . . . . 1 Low Security (%) 72 | 100 100 100 100 33 Level 1 27 | . . . . 66 Level 2 . | . . . . . Level 3 . | . . . . . Level 4 . | . . . . . Level 5 . | . . . . . High Security . | . . . . . Max Security . | . . . . . Peak Influence 361 | . 90 150 45 361 Initial 33 | . . 16 33 1 Average 122 | . 48 77 18 223 Influence Increases 1011 | . 129 250 121 511 Destroy 0b10 Robot/C 600 | . 100 160 60 280 Destroy 0b10 Robot/NC 55 | . . . 5 50 Destroy Leader 126 | . 20 30 20 56 Successful Hack 23 | . 9 . 14 . Disable Machine 45 | . . . . 45 Destroy Structure 102 | . . . 22 80 Lose Combat Pursuer 60 | . . 60 . . Influence Decreases 828 | . 90 209 196 333 Entered New Map 74 | . . 23 47 4 Time Decay 592 | . 90 176 97 229 Lost Part 162 | . . 10 52 100 Squads Dispatched 7 | . 1 2 1 3 Investigation 2 | . . 2 . . Extermination . | . . . . . Reinforcement 5 | . 1 . 1 3 Assault . | . . . . . Garrison . | . . . . . Intercept . | . . . . . Searches Triggered . | . . . . . Construction Impeded 1 | . . . . 1 Haulers Reinforced . | . . . . . Active Scanning Responses . | . . . . . Cargo Convoy Interrupts . | . . . . . Stealth | -11 -10 -9 -8 -8 --------- Run | Yrd Mat Mat Mat Sto Distress Signals 4 | . . 1 . 3 Communications Jammed . | . . . . . Distress Signals . | . . . . . Times Spotted 58 | . 6 18 8 26 Peak Tracking Total 7 | . 3 5 4 7 Tactical Retreats 7 | . . 2 2 3 Traps | -11 -10 -9 -8 -8 ------- Run | Yrd Mat Mat Mat Sto Traps Triggered 7 | . 1 2 1 3 Indirectly . | . . . . . Trap Hack Attempts . | . . . . . Triggered . | . . . . . Disarmed . | . . . . . Reprogrammed . | . . . . . Reused . | . . . . . Traps Extracted . | . . . . . Installed . | . . . . . Triggered . | . . . . . Machines | -11 -10 -9 -8 -8 ---------- Run | Yrd Mat Mat Mat Sto Machines Disabled 3 | . . . . 3 Max in Single Turn 1 | . . . . 1 Machines Repaired . | . . . . . Machines Dismantled . | . . . . . Machines Sabotaged . | . . . . . Overloaded Fab Kills . | . . . . . Hacking | -11 -10 -9 -8 -8 --------- Run | Yrd Mat Mat Mat Sto Machines Accessed 5 | . 2 1 1 1 Terminals 3 | . 1 . 1 1 Fabricators . | . . . . . Repair Stations 1 | . 1 . . . Recycling Units . | . . . . . Scanalyzers 1 | . . 1 . . Garrison Access . | . . . . . Total Hacks 13 | . 8 3 1 1 Successful 9 | . 4 3 1 1 Failed 4 | . 4 . . . Catastrophic 1 | . 1 . . . Database Lockouts . | . . . . . Manual 4 | . 3 1 . . Terminals 5 | . 3 . 1 1 Fabricators . | . . . . . Repair Stations 5 | . 5 . . . Recycling Units . | . . . . . Scanalyzers 3 | . . 3 . . Garrison Access . | . . . . . Terminal Hacks 3 | . 1 . 1 1 Open Door 1 | . . . . 1 Level Access Points 1 | . 1 . . . Locate Traps 1 | . . . 1 . Fabricator Hacks . | . . . . . Repair Station Hacks 3 | . 3 . . . Scan Component 2 | . 2 . . . Repair 1 | . 1 . . . Recycling Unit Hacks . | . . . . . Scanalyzer 3 | . . 3 . . Insert Component 1 | . . 1 . . Analyze 2 | . . 2 . . Garrison Access Hacks . | . . . . . Unauthorized Hacks . | . . . . . Terminals . | . . . . . Fabricators . | . . . . . Repair Stations . | . . . . . Recycling Units . | . . . . . Scanalyzers . | . . . . . Garrison Access . | . . . . . Data Cores Recovered . | . . . . . Used . | . . . . . Hacking Detections 2 | . 1 1 . . Full Trace Events . | . . . . . Feedback Events . | . . . . . Feedback Blocked . | . . . . . Robot Schematics Acquired . | . . . . . Robots Built . | . . . . . Authchips . | . . . . . Time . | . . . . . Total Robot Build Rating . | . . . . . Part Schematics Acquired 1 | . . 1 . . Parts Built . | . . . . . Authchips . | . . . . . Time . | . . . . . Total Part Build Rating . | . . . . . Parts Repaired 1 | . 1 . . . Time 36 | . 36 . . . Parts Recycled . | . . . . . Recycled Matter . | . . . . . Retrieved Matter . | . . . . . Retrieved Components . | . . . . . Parts Scanalyzed 1 | . . 1 . . Part Schematics Acquired 1 | . . 1 . . Parts Damaged . | . . . . . Bothacking | -11 -10 -9 -8 -8 ------------ Run | Yrd Mat Mat Mat Sto Used RIF Installer . | . . . . . Robots Hacked . | . . . . . Non-combat . | . . . . . Combat . | . . . . . Robot Hacks Applied . | . . . . . Relay Couplers Released . | . . . . . Fabnet Peak Effective % . | . . . . . Robots Rewired . | . . . . . Allies Hacked . | . . . . . Hacks Repelled . | . . . . . Allies | -11 -10 -9 -8 -8 -------- Run | Yrd Mat Mat Mat Sto Total Allies . | . . . . . Largest Group . | . . . . . Highest-Rated Group . | . . . . . Highest-Rated Ally . | . . . . . Total Orders . | . . . . . Ally Attacks . | . . . . . Total Damage . | . . . . . Kills . | . . . . . Allies Corrupted . | . . . . . Allies Melted . | . . . . . Intel | -11 -10 -9 -8 -8 ------- Run | Yrd Mat Mat Mat Sto Active Infowar (turns) 866 | . . 73 224 569 Sensors 302 | . . . . 302 Terrain 211 | . . . . 211 ECM 701 | . . 73 224 404 Robot Analysis Total . | . . . . . Derelict Logs Recovered . | . . . . . Drone Launches . | . . . . . Drone Recoveries . | . . . . . Exploration | -11 -10 -9 -8 -8 ------------- Run | Yrd Mat Mat Mat Sto Turns Passed 1478 | 43 226 371 224 614 Spaces Moved 679 | 35 139 193 96 216 Core 2 | 1 . . 1 . Treads 440 | . . 129 95 216 Legs . | . . . . . Wheels 237 | 34 139 64 . . Hover . | . . . . . Flight . | . . . . . Fastest Speed 50 | 50 90 90 160 160 Average Speed 143 | 87 90 137 163 184 Slowest Speed 300 | 90 90 160 300 250 Overloaded Moves . | . . . . . Propulsion Burnouts . | . . . . . Robots Hopped . | . . . . . Potential Cave-ins . | . . . . . Cave-ins Triggered . | . . . . . Exploration Rate (%) 21 | 3 25 22 13 43 Regions Visited 4 Branch Regions 1 Pre-discovered Areas . | . . . . . Known Exits Taken 1 | . 1 . . . Unknown Exits Taken 3 | 1 . 1 1 . Scrap Searched . | . . . . . Spaces Dug . | . . . . . Terrain Destroyed 112 | . . . 24 88 Melee . | . . . . . Projectile 2 | . . . 2 . AOE 110 | . . . 22 88 Terrain Rammed . | . . . . . Walls Destroyed . | . . . . . Machines Disabled . | . . . . . Actions | -11 -10 -9 -8 -8 --------- Run | Yrd Mat Mat Mat Sto Total 985 | 44 217 248 131 345 Wait 73 | . 49 6 3 15 Move 676 | 34 138 193 95 216 Hop . | . . . . . Pick Up 32 | 4 8 4 3 13 Fast Attach 21 | 6 1 3 2 9 Attach 21 | . 1 3 7 10 Detach 4 | . . 1 1 2 Swap 26 | . 1 4 3 18 Drop 21 | . 4 5 1 11 Fire 96 | . 15 29 15 37 Melee . | . . . . . Ram . | . . . . . Kick . | . . . . . Crush 15 | . . . 1 14 Escape Stasis . | . . . . . Rewire . | . . . . . Trap . | . . . . . Miscellaneous . | . . . . . Route ------- -11/Scrapyard -10/Materials (discovered 4 exits: *Mat x3 / [*Min]) -9/Materials -8/Materials -8/Storage History --------- Turn | Location | Event 21 | -11/Scrapyard | Discovered new exit (range 16) 44 | -11/Scrapyard | Entered Materials 173 | -10/Materials | Identified exit to Materials 189 | -10/Materials | Discovered new exit (range 10) 261 | -10/Materials | Repaired Broken Lgt. Assault Rifle 270 | -10/Materials | Entered another Materials area 270 | -9/Materials | Evolved 2 slots: Utility x2 301 | -9/Materials | Build established: Mutant 636 | -9/Materials | Discovered new exit (range 4) 641 | -9/Materials | Entered another Materials area 641 | -8/Materials | Evolved 2 slots: Power x1, Utility x1 824 | -8/Materials | Lost 7 parts (2p2n1u2w) 855 | -8/Materials | Discovered new exit (range 7) 865 | -8/Materials | Entered Storage 1330 | -8/Storage | Build established: Scavenger-Mutant 1413 | -8/Storage | Core integrity fell below 50% 1437 | -8/Storage | Core integrity fell below 20% 1479 | -8/Storage | Destroyed by Y-45 Defender with Heavy Assault Rifle Last Messages --------------- Hrd. Medium Armor Plating destroyed. Power failure, Imp. Ion Engine shutdown. Lgt. Nuclear Core destroyed. Critical hit (Burn: +37). Slammed into G-47 Trooper. K-01 Serf collects debris. Slammed into G-47 Trooper. G-50 Soldier IFF system glitched. Slammed into G-47 Trooper. K-01 Serf collects debris. K-01 Serf cleans the Transfer Shaft. Slammed into G-47 Trooper. Arm. Treads destroyed. Critical hit (Burn: +37). K-01 Serf cleans the Transfer Shaft. Autogun destroyed. M-13 Machinist repairs G-50 Soldier. Acquired Lgt. Nuclear Core. U-05 Engineer builds a Door. Lgt. Nuclear Core destroyed. Map ----- +----------------------------------------------------+ | ????????????????????????# #???????????? | | ?????????????????????#??#" """ ##???#??#???? | | ?????????????????????#??#T """ #########???? | | ??????????????#?????????#" """ # #??#? | | ????????????????????????# ![! ## ! #???# | | ????????????????????????##+####+####### = *#???# | | ??????????????###########^^^ + !" " #??? | | ??????????????# + ^^^ #######= "R" ##??# | | ######????????# ##^^ #?????# """ #???? | | #????????# """" ##^ =! #??#??########??#? | | +??????"?# "??" ## != ! #???#???????#????? | | #????????# "??" # = [ #T#"? ???????????? | | # #????????# "??" / "???#???#??#??? | | # #????????# " " # " ????#???????? | | # + ???? ?# """" # #######"??#????#?????? | | # ####?????# * ## ##??????????#????#????? | | + ##############/##### ##?#?#??#?????????????? | | # + # # # # #####????????#????????? | | ####/# # !!! # # # # #?????????????????? | | ?# # !!! """ # # ## ## #######???????????? | | ?# # !!! """ # ####gg ##### #???????????? | | ?# # """ / ! ! #???????????? | | ?# #= ! # = [ u ! ! +? ?????????? | | ?# # ""T""== #! ### u=##### #???????????? | | ?# # """" =!# ####/######## ##?#?????????? | | ###### #/#####/### + T @w ##? #????????????? | | + ^^ # #?? #????????????? | | ##### = ^^ # Y #?? #????????????? | | ???#### ## ### ### # a #??? #????????????? | | ?? ## # """ """ #??? # ???????????? | | ## # """ """ #??? # ???????????? | | ## # """ """ #??? +????????????? | | ############+###### # ????#????????????? | | ??????????????????# ####+#######?? ?????????????? | | ??????????????????# #??? ???????????????????????? | | ??????????????????? ???? ???????????????????????? | | ??????????????????? ????????????????????????????? | | ??????????????????? ????????????????????????????? | | ?????????????????????????????????????????????????? | | ?????????????????????????????????????????????????? | | ?????????????????????????????????????????????????? | | ?????????????????????????????????????????????????? | | ?????????????????????????????????????????????????? | | ?????????????????????????????????????????????????? | | ?????????????????????????????????????????????????? | | ?????????????????????????????????????????????????? | | ?????????????????????????????????????????????????? | | ?????????????????????????????????????????????????? | | ?????????????????????????????????????????????????? | | ?????????????????????????????????????????????????? | +----------------------------------------------------+ Best States ------------- Heat Dissipation 41 Energy Generation 21 Energy Capacity 415 Matter Stores 382 Matter Capacity 450 Sight Range 16 Robot Scan Range 14 Terrain Scan Range 14 Terrain Scan Density 10 ECM Strength 1 Additional Mass Support 12 Armor Coverage 450 Evasion (%) 44 Recoil Reduction 2 Trap Extractor Capacity 4 Item Schematics ----------------- Ion Engine | -9/Materials | Scanalyzed Robot Schematics ------------------ None Fabricated ------------ Nothing Repaired ---------- Lgt. Assault Rifle | 53% | -10/Materials | Broken Alien Tech Used ----------------- None Achievements -------------- None Challenges ------------ None Game ------ Seed BottomlessChipCarapace Manual? 0 Play Time 00:39:10 Cumulative 22.9 hours Start 2025.07.02 @ 15:55:55 End 2025.07.02 @ 17:12:32 Sessions 1 Manual Loads 0 Difficulty Rogue Special Mode None Game No. 16 Rogue 13 Adventurer 1 Explorer 2 Win Type - Total 0 Types 0/0/0/0/0/0/0/0/0/0 Lore% 17 Gallery% 21 Achievement% 19 Wizard Run 0 Options --------- Layout 0 ASCII 0 Keyboard 0 Movement Mouse Keybinds 0 Fullscreen 2 Font 24/Smallcaps Map View 76x50 Zoom Use 0% Tactical HUD 0 Map Filters NONE Filters NONE Steam 1 RUN: c38a2b37-778e-47dd-9c22-10fda5c411ed